 Dungeon Crawl Stone Soup version 0.30-a0-702-gdf48620a09 (webtiles) character file.

Game seed: 16280799134421718088

82331 Orangeyouglad the Unseen (level 16, -4/87 (97) HPs)
             Began as a Kobold Enchanter on Jan 20, 2023.
             Was a Believer of Ashenzari.
             Slain by a vault guard
             ... wielding a +2 great sword of draining
              (11 damage)
             ... on level 13 of the Dungeon on Jan 21, 2023.
             The game lasted 02:06:38 (30836 turns).

Orangeyouglad the Unseen (Kobold Enchanter)        Turns: 30836, Time: 02:06:39

HP:   -4/87 (97)    AC: 14    Str:  5    XL:     16   Next: 20%
MP:   17/26         EV: 29    Int: 19    God:    Ashenzari [**....]
Gold: 2676          SH:  8    Dex: 21    Spells: 8/29 levels left

rFire   + + +      SeeInvis +    x - +3 short sword
rCold   . . .      Faith    .    Q - +2 buckler
rNeg    . . .      Spirit   .    H - +3 leather armour {rF+}
rPois   .          Reflect  .    F - +0 helmet
rElec   .          Harm     .    j - +0 cloak
rCorr   .          Rampage  .    l - +2 pair of gloves of the Lashed Autotheism {Cun, Evo} (curse)
Will    +....                    f - +2 pair of boots "Shame of the Bound Seer" {rF+, Cun, Comp} (curse)
Stlth   ++++++++                 c - amulet of Ashenzari's Yoke {Acrobat, Evo, Melee} (curse)
HPRegen 0.34/turn                p - +5 ring of evasion
MPRegen 0.20/turn                L - ring of protection from fire

@: confusing by touch, heavily drained
A: small, no large weapons, nightstalker 3
a: Renounce Religion, Curse Item, Shatter the Chains


You were on level 13 of the Dungeon.
You worshipped Ashenzari.
Ashenzari was pleased with you.
You visited 3 branches of the dungeon, and saw 21 of its levels.
You also visited: Bailey.

You collected 2857 gold pieces.
You spent 181 gold pieces at shops.

Inventory:

Hand Weapons
 b - a +0 sling
 w - a +0 rapier
 x - a +3 short sword (weapon)
Missiles
 h - 10 boomerangs
 o - 4 throwing nets
Armour
 f - the cursed +2 pair of boots "Shame of the Bound Seer" (worn) {rF+, Cun, Comp}
   (You bought it in a shop on level 8 of the Dungeon)

   It has a curse which improves the following skills: Cunning: Dodging and
   Stealth.
   Companions: Summonings and Necromancy.
 j - a +0 cloak (worn)
 l - the cursed +2 pair of gloves of the Lashed Autotheism (worn) {Cun, Evo}
   (You found it on level 2 of the Dungeon)

   It has a curse which improves the following skills: Cunning: Dodging and
   Stealth.
   Evocations: Evocations.
 F - a +0 helmet (worn)
 H - a +3 leather armour of fire resistance (worn)
 Q - a +2 buckler (worn)
Jewellery
 c - the cursed amulet of Ashenzari's Yoke (around neck) {Acrobat, Evo, Melee}
   (You found it on level 5 of the Dungeon)

   [amulet of the acrobat]

   It increases your evasion while moving and waiting.
   It has a curse which improves the following skills: Evocations: Evocations.
   Melee Combat: Short Blades, Long Blades, Axes, Maces & Flails, Polearms,
   Staves and Unarmed Combat.
 p - a +5 ring of evasion (left hand)
 L - a ring of protection from fire (right hand)
Wands
 a - a wand of polymorph (10)
 A - a wand of flame (21)
 D - a wand of roots (18)
 E - a wand of mindburst (3)
 N - a wand of charming (5)
Scrolls
 e - 6 scrolls of enchant armour
 k - 3 scrolls of enchant weapon
 q - 2 scrolls of blinking
 r - 2 scrolls of fear
 t - 5 scrolls of poison
 y - 5 scrolls of vulnerability
 G - 4 scrolls of teleportation
 M - 3 scrolls of magic mapping
 P - 2 scrolls of fog
 R - 2 scrolls of silence
 U - a scroll of torment
 V - 3 scrolls of brand weapon
Potions
 d - 3 potions of brilliance
 i - 5 potions of attraction
 m - a potion of invisibility
 n - 3 potions of lignification
 s - 2 potions of heal wounds
 u - 5 potions of mutation
 v - 5 potions of flight
 z - 5 potions of might
 B - 5 potions of curing
 J - 6 potions of magic
 K - 4 potions of haste
 O - 2 potions of berserk rage
 S - 3 potions of ambrosia
Miscellaneous
 C - a condenser vane (inert)
 I - a tin of tremorstones (inert)
 T - a phantom mirror


   Skills:
 + Level 10.3 Fighting
 - Level 12.8(14.0) Short Blades
 - Level 13.0(14.8) Dodging
 + Level 16.4(18.1) Stealth
 - Level 4.0 Shields
 - Level 7.0 Spellcasting
 - Level 8.0 Conjurations
 - Level 9.0 Hexes
 + Level 4.7(5.9) Necromancy
 - Level 1.3 Translocations
 + Level 6.6 Ice Magic
 - Level 11.1(13.0) Evocations


You had 8 spell levels left.
You knew the following spells:

 Your Spells              Type           Power      Damage    Failure   Level
a - Ensorcelled Hibernat  Hex/Ice        72%        N/A       1%          2
b - Confusing Touch       Hex            41%        N/A       1%          3
c - Dazzling Flash        Conj/Hex       78%        N/A       2%          3
d - Tukima's Dance        Hex            41%        N/A       1%          3
e - Hailstorm             Conj/Ice       34%        3d9       3%          3
f - Teleport Other        Tloc           11%        N/A       41%         3
g - Animate Dead          Necr           29%        N/A       22%         4

Your spell library contained the following spells:

 Spells                   Type           Power      Damage    Failure   Level
 Sublimation of Blood     Necr           29%        N/A       3%          2
 Cause Fear               Hex            20%        N/A       6%          4
 Summon Guardian Golem    Hex/Summ       24%        N/A       11%         3
 Inner Flame              Hex/Fire       23%        N/A       12%         3
 Stone Arrow              Conj/Erth      42%        3d9       14%         3
 Beastly Appendage        Tmut           12%        N/A       24%         1
 Summon Small Mammal      Summ           28%        N/A       24%         1
 Wereblood                Tmut           6%         N/A       36%         2
 Gell's Gravitas          Tloc           11%        N/A       41%         3
 Sticky Flame             Conj/Fire      21%        2d4       43%         4
 Ice Form                 Ice/Tmut       19%        N/A       54%         4
 Call Canine Familiar     Summ           7%         N/A       56%         3
 Ignite Poison            Fire/Tmut/Pois 6%         N/A       58%         3
 Spider Form              Tmut/Pois      6%         N/A       58%         3
 Irradiate                Conj/Tmut      10%        3d15      78%         5
 Borgnjor's Vile Clutch   Necr/Erth      8%         N/A       90%         5
 Animate Armour           Summ/Erth      12%        N/A       94%         4
 Petrify                  Tmut/Erth      6%         N/A       94%         4
 Simulacrum               Ice/Necr       15%        N/A       96%         6
 Death Channel            Necr           14%        N/A       97%         6
 Dispersal                Tloc           5%         N/A       100%        6
 Discord                  Hex            20%        N/A       100%        8
 Ignition                 Fire           3%         3d4       100%        8
 Lehudib's Crystal Spear  Conj/Erth      10%        10d4      100%        8


Dungeon Overview and Level Annotations

Branches:
Dungeon (15/15)            Temple (1/1) D:4            Lair (5/5) D:8
 Shoals (0/4) Lair:3        Snake (0/4) Lair:3        Slime (0/5) Lair:5
    Orc (0/2) D:9          Depths (0/4) D:15         Bailey (visited)
 Vaults: D:13-14

Altars:
Ashenzari
Cheibriados
Dithmenos
Elyvilon
Fedhas
Gozag
Hepliaklqana
Kikubaaqudgha
Makhleb
Nemelex Xobeh
Okawaru
Qazlal
Ru
Sif Muna
Trog
Uskayaw
Vehumet
Wu Jian
Xom
Yredelemnul
Zin
The Shining One
Jiyva

Shops:
D:8 *

Portals:
Abyss: D:15

Annotations:
D:4 hikkokomori's ghost, amateur FoHu
D:15 2 transporters, petzl's ghost, novice FoDe
Lair:4 1 runed translucent door, Pioth's ghost, journeyman MiFi
Lair:5 exclusion: 3 oklob plants


Innate Abilities, Weirdness & Mutations

You are small and have problems with some larger weapons.
You are completely attuned to the shadows.


Message History

You feel drained.
You completely miss the vault guard.
You hit the vault guard but do no damage.
The boulder beetle curls into a ball and begins rolling!
The vault guard misses you.
You hit the vault guard but do no damage.
The vault guard barely misses you.
You hit the vault guard but do no damage.
You barely miss the vault guard. The vault guard misses you.
You hit the vault guard but do no damage.
The boulder beetle hits you!!
The boulder beetle stops rolling and uncurls.
You hit the vault guard but do no damage.
The vault guard completely misses you.
As you read the scroll of fear, it crumbles to dust.
You assume a fearsome visage.
The boulder beetle looks frightened!
The vault guard resists with almost no effort.
The boulder beetle leaps!
The vault guard misses you.
Aiming: Mindburst
Press: ? - help, Shift-Dir - straight line, f - vault guard
Aim: a vault guard, wielding a +2 great sword of draining and wearing a +0 plate armour (chance to confuse on hit: 32%, chance to affect: 71%)
The vault guard's mind is blasted!!
The boulder beetle leaps!
The vault guard hits you with a +2 great sword of draining.
You feel drained.
Aiming: Mindburst
Press: ? - help, Shift-Dir - straight line, f/p - vault guard
Aim: a vault guard, wielding a +2 great sword of draining and wearing a +0 plate armour (moderately wounded, chance to confuse on hit: 32%, chance to affect: 71%)
The vault guard's mind is blasted!
The vault guard misses you.
Hit: x) +3 short sword
Press: ? - help, Dir - move target, f/p - vault guard
Aim: a vault guard, wielding a +2 great sword of draining and wearing a +0 plate armour (heavily wounded, chance to confuse on hit: 32%, about 25% to evade your +3 short sword)
Okay, then.
Aiming: Mindburst
Press: ? - help, Shift-Dir - straight line, f/p - vault guard
Aim: a vault guard, wielding a +2 great sword of draining and wearing a +0 plate armour (heavily wounded, chance to confuse on hit: 32%, chance to affect: 71%)
The vault guard struggles to resist.
The vault guard hits you with a +2 great sword of draining!!
* * * LOW HITPOINT WARNING * * *
You feel drained.
You die...

#.#.................####...
#.#.................##.....
###.#.#...............##.....
###...#...............#........
#.......>.....###.....#........
#.#..................##......##
#.#...........)...............#
#.#.#+#..............#.........
#.#.#.#.......@p....###........
#.#.#.#..........°..#......#...
#.#............#...............
#.###....##....#..............#
#..))....##....#....#.....(...#
#####".........#....#.........#
#...'..........#....#.........#
#.###..........#....#.........#
#. ##..[....####...............


You could see a vault guard.

Vanquished Creatures
  Nessos (Lair:4)
  A dire elephant (Lair:5)
  Snorg (Lair:5)
  A great orb of eyes (D:15)
  7 hydras
  2 vault guards (D:13)
  4 boulder beetles
  4 centaur warriors
  4 catoblepae
  An anaconda (Lair:5)
  5 death yaks (Lair:5)
  Erica (D:8)
  A deep troll shaman (Lair:5)
  5 two-headed ogres
  4 tengu warriors
  Sonja (Lair:2)
  Lodul (D:10)
  2 deep elf pyromancers
  A harpy (D:10)
  An orc knight (D:13)
  A wolf spider (Lair:3)
  5 manticores
  13 ugly things
  A salamander (shapeshifter) (D:15)
  4 cyclopes
  13 elephants
  Maurice (D:10)
  A black mamba (Lair:4)
  3 torpor snails (Lair:5)
  2 efreet
  8 cane toads
  3 gargoyles
  2 rime drakes
  An unseen horror (D:11)
  Psyche (D:8)
  A kobold demonologist (D:10)
  A tengu conjurer (D:14)
  13 meliai
  10 komodo dragons
  A meliai (shapeshifter) (D:13)
  2 polar bears (Lair:5)
  4 trolls
  15 blink frogs
  Prince Ribbit (D:7)
  7 dream sheep (Lair:5)
  17 slime creatures
  4 shadows
  A slime creature (shapeshifter) (D:13)
  3 wraiths
  A wyvern (D:10)
  2 vampires
  41 yaks
  7 basilisks
  8 vampire mosquitoes
  3 nagas (Lair:3)
  2 acid dragons
  15 water moccasins
  3 orc warriors (D:9)
  A sky beast (D:6)
  2 black bears
  9 ogres
  8 centaurs
  16 wolves
  A phantom (D:7)
  7 bullfrogs
  A kobold brigand (D:9)
  A necrophage (D:7)
  A scorpion (shapeshifter) (D:13)
  3 gnoll sergeants
  7 wights (D:8)
  6 killer bees (D:11)
  8 vampire bats
  4 electric eels (D:8)
  8 howler monkeys
  5 wolf zombies (Bailey)
  8 hounds
  2 jellies
  7 orc priests
  A gnoll bouda (D:7)
  Crazy Yiuf (D:7)
  4 iguanas
  11 orc wizards
  The ghost of flotson the Sneak, a weakling DsDe (D:4)
  15 gnolls
  8 adders
  A shadow imp (D:6)
  A dart slug (D:5)
  43 orcs
  2 ball pythons
  6 bats
  2 bat skeletons (D:9)
  3 bat zombies (D:9)
  5 endoplasms
  5 giant cockroaches
  8 goblins
  11 hobgoblins
  5 jackals (D:4)
  43 kobolds
  A quokka (D:1)
  23 orc zombies (Bailey)
  4 rats
578 creatures vanquished.

Vanquished Creatures (collateral kills)
  The ghost of Pesafeac the Covert, a journeyman OpCj of Vehumet (D:14)
  The ghost of Rennog the Trooper, a novice OpFi (D:5)
  2 vampire mosquitoes (D:15)
  A sky beast (D:7)
  An orc warrior (D:9)
  An orc wizard (D:7)
  2 goblins (D:7)
9 creatures vanquished.

Vanquished Creatures (others)
  An ugly thing zombie (D:14)
  A blink frog (Lair:2)
  3 slime creature zombies (D:15)
  An ogre (D:10)
  3 vampire mosquito zombies (D:15)
  An orc wizard (D:10)
  An orc (D:9)
  18 fungi
  36 plants
65 creatures vanquished.

Grand Total: 652 creatures vanquished

Notes
Turn   | Place    | Note
-------+----------+-------------------------------------------
     0 | D:1      | Orangeyouglad the Kobold Enchanter began the quest for the
                  | Orb.
     0 | D:1      | Reached XP level 1. HP: 10/10 MP: 3/3
   134 | D:1      | You fall into a shaft and drop 1 floor!
   378 | D:1      | Reached XP level 2. HP: 15/15 MP: 5/5
   851 | D:1      | Learned a level 2 spell: Ensorcelled Hibernation
  1127 | D:1      | Reached XP level 3. HP: 19/19 MP: 6/6
  2089 | D:2      | Learned a level 3 spell: Confusing Touch
  2246 | D:2      | Reached XP level 4. HP: 20/24 MP: 8/8
  3536 | D:3      | Upgraded the game from 0.30-a0-691-g754fce4c43 to
                  | 0.30-a0-696-g2367cd04db
  3580 | D:3      | Reached XP level 5. HP: 28/28 MP: 9/9
  3664 | D:3      | Reached skill level 5 in Stealth
  3967 | D:3      | Learned a level 3 spell: Dazzling Flash
  4655 | D:4      | Found a staircase to the Ecumenical Temple.
  4663 | Temple   | Entered the Ecumenical Temple
  4666 | Temple   | Found a transporter.
  4666 | Temple   | Found a transporter.
  4668 | Temple   | Found a transporter.
  4668 | Temple   | Found a transporter.
  4855 | Temple   | Became a worshipper of Ashenzari the Shackled
  5479 | D:4      | Found a runed translucent gate.
  5480 | D:4      | Found a runed translucent gate.
  5481 | D:4      | Found a runed translucent gate.
  5536 | D:4      | Noticed flotson's ghost (weakling DsDe)
  5536 | D:4      | Noticed Rennog's ghost (novice OpFi)
  5536 | D:4      | Noticed hikkokomori's ghost (amateur FoHu)
  5548 | D:5      | Entered Level 5 of the Dungeon
  5929 | D:4      | Killed flotson's ghost
  5930 | D:4      | Reached skill level 1 in Ice Magic
  5930 | D:4      | Reached XP level 6. HP: 19/32 MP: 7/10
  6044 | D:4      | Noticed a black bear
  6064 | D:4      | Killed a black bear
  6428 | D:5      | Noticed an ogre
  6432 | D:5      | Killed an ogre
  6433 | D:5      | Reached skill level 1 in Conjurations
  6433 | D:5      | Reached XP level 7. HP: 36/36 MP: 11/11
  6587 | D:5      | Reached skill level 6 in Stealth
  6699 | D:5      | Found an opulent altar of Gozag.
  6726 | D:5      | Found a hide-covered altar of Uskayaw.
  6739 | D:5      | Found a basalt altar of Yredelemnul.
  6753 | D:5      | Found a snail-covered altar of Cheibriados.
  6767 | D:5      | Found a bloodstained altar of Trog.
  6773 | D:5      | Found a sparkling altar of Nemelex Xobeh.
  7223 | D:5      | Killed Rennog's ghost
  7224 | D:5      | Reached skill level 5 in Hexes
  7224 | D:5      | Reached XP level 8. HP: 36/41 MP: 12/12
  7409 | D:5      | Reached skill level 5 in Dodging
  7651 | D:6      | Reached skill level 5 in Short Blades
  7905 | D:6      | Found an iron altar of Okawaru.
  7906 | D:6      | Found a shimmering altar of Xom.
  8105 | D:6      | Reached skill level 7 in Stealth
  8275 | D:7      | Found a flagged portal.
  8338 | D:7      | Identified the cursed +2 pair of gloves of the Lashed
                  | Autotheism {Cun, Evo} (You found it on level 2 of the
                  | Dungeon)
  8350 | D:7      | Reached skill level 1 in Fighting
  8450 | Bailey   | Entered a bailey
  8630 | Bailey   | Noticed a gargoyle
  8633 | Bailey   | Killed a gargoyle
  8634 | Bailey   | Reached XP level 9. HP: 48/48 MP: 13/13
  8738 | Bailey   | Identified the +0 plate armour of Lyagal {rPois}
  8812 | Bailey   | Reached skill level 1 in Evocations
  8901 | Bailey   | Reached skill level 8 in Stealth
  9265 | D:7      | Identified the +6 war axe "Beotz" {freeze, rC+}
  9392 | D:7      | Noticed Prince Ribbit
  9536 | D:8      | Found Cixuphaff's Fire Supplies.
  9541 | D:8      | Bought a +1 pair of boots of fire resistance for 181 gold
                  | pieces
  9552 | D:8      | Reached * piety under Ashenzari
  9552 | D:8      | Identified a scroll of acquirement
  9554 | D:8      | Acquired 708 gold pieces
  9632 | D:8      | Noticed a two-headed ogre
  9800 | D:7      | Found a runed translucent door.
  9803 | D:7      | Noticed Crazy Yiuf
  9805 | D:7      | Killed Crazy Yiuf
 10477 | D:7      | Killed Prince Ribbit
 10478 | D:7      | Reached XP level 10. HP: 56/56 MP: 7/15
 11056 | D:8      | Reached skill level 9 in Stealth
 11590 | D:8      | Found a stormy altar of Qazlal.
 11712 | D:8      | Noticed Psyche
 11764 | D:8      | Killed a two-headed ogre
 11866 | D:8      | Found a staircase to the Lair.
 12116 | D:8      | Noticed Erica
 12122 | D:8      | Killed Erica
 12123 | D:8      | Reached skill level 5 in Fighting
 12123 | D:8      | Reached skill level 10 in Stealth
 12123 | D:8      | Reached skill level 5 in Evocations
 12124 | D:8      | Killed Psyche
 12125 | D:8      | Reached XP level 11. HP: 61/64 MP: 16/18
 12339 | Lair:1   | Entered Level 1 of the Lair of Beasts
 12364 | Lair:1   | Reached skill level 5 in Spellcasting
 12896 | Lair:1   | Noticed a boulder beetle
 12904 | Lair:1   | Killed a boulder beetle
 13198 | Lair:1   | Reached skill level 11 in Stealth
 13583 | Lair:2   | Noticed Sonja
 13606 | Lair:2   | Noticed an elephant
 13607 | Lair:2   | Noticed a six-headed hydra
 13871 | Lair:2   | Noticed an elephant
 13871 | Lair:2   | Noticed an elephant
 14047 | Lair:2   | Killed a six-headed hydra
 14048 | Lair:2   | Reached skill level 5 in Conjurations
 14054 | Lair:2   | Killed Sonja
 14055 | Lair:2   | Reached XP level 12. HP: 49/71 MP: 12/19
 14095 | Lair:1   | Reached skill level 10 in Short Blades
 14138 | Lair:1   | Reached ** piety under Ashenzari
 14489 | Lair:2   | Reached skill level 12 in Stealth
 15246 | Lair:3   | Reached skill level 10 in Dodging
 15306 | Lair:3   | Found a staircase to the Shoals.
 15377 | Lair:3   | Found a staircase to the Snake Pit.
 15551 | Lair:3   | Reached skill level 1 in Shields
 16380 | Lair:4   | Reached XP level 13. HP: 76/78 MP: 11/20
 16515 | Lair:4   | Noticed Nessos
 16614 | Lair:4   | Learned a level 3 spell: Tukima's Dance
 16619 | Lair:4   | Killed Nessos
 16661 | Lair:4   | Found a white marble altar of Elyvilon.
 16679 | Lair:4   | Found a runed translucent door.
 16682 | Lair:4   | Noticed Pioth's ghost (journeyman MiFi)
 16755 | Lair:4   | Noticed a catoblepas
 16759 | Lair:4   | Killed a catoblepas
 17164 | Lair:5   | Entered Level 5 of the Lair of Beasts
 17419 | Lair:5   | Noticed Snorg
 18029 | Lair:5   | Reached skill level 10 in Evocations
 18080 | Lair:5   | Noticed a catoblepas
 18084 | Lair:5   | Killed a catoblepas
 18117 | Lair:5   | Noticed a six-headed hydra
 18125 | Lair:5   | Killed a six-headed hydra
 18413 | Lair:5   | Noticed a catoblepas
 18690 | Lair:5   | Reached XP level 14. HP: 79/86 MP: 3/22
 18993 | Lair:5   | Killed Snorg
 19070 | Lair:5   | Found a viscous altar of Jiyva.
 19323 | Lair:5   | Reached skill level 10 in Fighting
 19323 | Lair:5   | Reached skill level 13 in Stealth
 20464 | Lair:5   | Noticed a dire elephant
 20647 | Lair:5   | Killed a dire elephant
 20882 | Lair:5   | Found a staircase to the Slime Pits.
 20958 | D:8      | Upgraded the game from 0.30-a0-696-g2367cd04db to
                  | 0.30-a0-702-gdf48620a09
 21054 | D:9      | Found a white marble altar of Elyvilon.
 21627 | D:9      | Found an ancient bone altar of Kikubaaqudgha.
 22046 | D:9      | Found a staircase to the Orcish Mines.
 22421 | D:10     | Entered Level 10 of the Dungeon
 22483 | D:10     | Noticed Harold
 22495 | D:10     | Harold changed into Harold the basilisk
 22495 | D:10     | Noticed Harold
 22510 | D:10     | Killed Harold the basilisk
 22709 | D:10     | Noticed Maurice
 22714 | D:10     | Killed Maurice
 23310 | D:10     | Noticed Lodul
 23508 | D:10     | Killed Lodul
 23513 | D:10     | Learned a level 3 spell: Hailstorm
 23842 | D:11     | Reached skill level 14 in Stealth
 24971 | D:12     | Reached XP level 15. HP: 77/92 MP: 21/25
 26766 | D:13     | Learned a level 3 spell: Teleport Other
 26898 | D:13     | Reached skill level 1 in Translocations
 26950 | D:13     | Reached skill level 15 in Stealth
 26960 | D:13     | Learned a level 4 spell: Animate Dead
 27202 | D:14     | Reached skill level 1 in Necromancy
 27595 | D:14     | Found a runed translucent door.
 27603 | D:14     | Reached skill level 5 in Ice Magic
 28149 | D:14     | Noticed Pesafeac's ghost (journeyman OpCj)
 28443 | D:14     | Killed Pesafeac's ghost
 28504 | D:15     | Entered Level 15 of the Dungeon
 29339 | D:15     | Found a bloodstained altar of Trog.
 29428 | D:15     | Reached skill level 16 in Stealth
 29447 | D:15     | Reached XP level 16. HP: 59/97 MP: 19/26
 29837 | D:15     | Found a transporter.
 29839 | D:15     | Found a one-way gate to the infinite horrors of the Abyss.
 29839 | D:15     | Noticed petzl's ghost (novice FoDe)
 29852 | D:15     | Found a transporter.
 29858 | D:15     | Identified Leda's Cyclopedia of the Fjord
 30248 | D:15     | Found a staircase to the Depths.
 30268 | D:15     | Paralysed by a great orb of eyes for 4 turns
 30836 | D:13     | Slain by a vault guard

Illustrated notes

Levels and vault maps discovered:
D:1:      co_arrival_random_square_maze, layout_basic, nicolae_titane
D:2:      layout_basic, roderic_roman_lattice, hangedman_abyss_or_decor_stabs
D:3:      minmay_goblin_kobold_castle, layout_loops_ring
D:4:      layout_gridville, minmay_temple_entry_drinking_statues,
          gammafunk_ghost_cemetery
D:5:      layout_rooms, minmay_overflow_temple_star_hex,
          mainiacjoe_overflow_alcove_1
D:6:      layout_basic, minitemple, roderic_serpentine_path, serial_bayou_pond_c
D:7:      layout_cave_pools, enter_bailey_5, uniq_crazy_yiuf_cottage,
          uniq_prince_ribbit1
D:8:      layout_basic, nicolae_qazlal_style_of_elements, erik_lair_island,
          nicolae_shop_fire_sale [nicolae_sub_dead_trees], kennysheep_donut,
          uniq_erica, uniq_psyche
D:9:      layout_loops_ring, mainiacjoe_overflow_boulevard,
          kennysheep_vampire_church, minmay_orc_entry_temple_small,
          chequers_serial_rivers_micro_b
D:10:     nzn_winding_woodlands_three_and_one
          [nzn_winding_woodlands_5x15_sawtooth,
          nzn_winding_woodlands_5x15_parted,
          nzn_winding_woodlands_5x15_sidewinder,
          nzn_winding_woodlands_center_diamonds], layout_loops_ring,
          kennysheep_cross_room, roderic_malta_cross, uniq_maurice, uniq_harold,
          uniq_lodul
D:11:     layout_grid_maze
D:12:     layout_irregular_city, serial_column_ruins, column_ruins_grid_4,
          column_ruins_open_tiny, column_ruins_grid_1,
          column_ruins_columns_straight, column_ruins_open_small,
          dreamdust_princess_corridor
D:13:     wad_arrow_thing, layout_basic, lightli_vaults_fourway_checkpoint
D:14:     layout_roguey, minmay_holes, gammafunk_ghost_grave,
          minmay_misc_feat_chi
D:15:     hangedman_depths_entry_try_elsewhere_first, layout_gridville,
          gammafunk_ghost_abyssal_escape, bh_walls_and_bars, bloody_trog
Temple:   hellmonk_temple_divided_pantheon
Lair:1:   wander_river, layout_loops_ring, lemuel_old_faithful
Lair:2:   layout_chaotic_city, st_stairs_6, grunt_megastairs_3, uniq_sonja
Lair:3:   layout_chaotic_city, shoals_dummy_entry, guppyfry_snake_entry_island,
          nicolae_lair_run_with_the_wolves
Lair:4:   layout_long_grid, basic_altar, hellmonk_ghost_happy_afterlife,
          uniq_nessos
Lair:5:   grunt_lair_end_beastmaster, layout_cellular_growth,
          minmay_slime_entry_oklob_open, minmay_shattered_shrine,
          lemuel_fruit_tree, uniq_snorg

Skill      XL: |  1  2  3  4  5  6  7  8  9 10 11 12 13 14 15 16 |
---------------+-------------------------------------------------+-----
Short Blades   | 2 3 4 5 7 8 9 11 12 | 12.8
Dodging        | 3 4 5 6 7 9 10 11 12 13 | 13.0
Spellcasting   | 3 4 5 7 |  7.0
Stealth        | 5 6 7 8 10 11 12 14 16 | 16.4
Ice Magic      | 1 2 6 |  6.6
Hexes          | 4 5 6 7 8 9 |  9.0
Conjurations   | 1 2 3 5 6 7 8 |  8.0
Fighting       | 1 3 5 6 8 9 10 | 10.3
Evocations     | 3 5 7 8 10 11 | 11.1
Shields        | 2 4 |  4.0
Translocations | 1 |  1.3
Necromancy     | 4 |  4.7

Action                   |  1- 3 |  4- 6 |  7- 9 | 10-12 | 13-15 | 16-18 || total
-------------------------+-------+-------+-------+-------+-------+-------++-------
Melee: Dagger            |    92 |   147 |       |       |       |       ||   239
       Punch             |     1 |     1 |     9 |     6 |       |       ||    17
       Short sword       |       |    52 |   408 |   535 |  1121 |   116 ||  2232
       Rapier            |       |     1 |       |       |       |       ||     1
 Fire: Sling             |     9 |       |       |       |       |       ||     9
Throw: Boomerang         |       |       |       |       |     1 |       ||     1
 Cast: Ensorcelled Hiber |    13 |    37 |    15 |       |       |       ||    65
       Confusing Touch   |       |     9 |    28 |    50 |    94 |    12 ||   193
       Dazzling Flash    |       |       |    12 |    25 |    70 |     7 ||   114
       Hailstorm         |       |       |       |       |     8 |       ||     8
       Animate Dead      |       |       |       |       |     2 |       ||     2
       Teleport Other    |       |       |       |       |     1 |       ||     1
Invok: Curse Item        |       |     1 |     1 |     1 |       |       ||     3
Evoke: Wand              |       |       |    14 |    25 |    29 |     4 ||    72
       Condenser vane    |       |       |       |       |     1 |     1 ||     2
       Phantom mirror    |       |       |       |       |     1 |       ||     1
       Tin of tremorston |       |       |       |       |       |     2 ||     2
  Use: Scroll            |       |     8 |    14 |     2 |     3 |     2 ||    29
       Potion            |       |     3 |     2 |     1 |     1 |     4 ||    11
 Stab: Sleeping          |    15 |    41 |    32 |    31 |    83 |     1 ||   203
       Confused          |       |     2 |    14 |    44 |    99 |    11 ||   170
       Distracted        |       |     1 |     2 |     1 |     6 |     1 ||    11
       Invisible         |       |     1 |    10 |    17 |    71 |     5 ||   104
       Petrified         |       |       |       |       |     1 |       ||     1
Armor: Robe              |     8 |    35 |    42 |       |       |       ||    85
       Skin              |       |       |    49 |       |       |       ||    49
       Leather armour    |       |       |    59 |    76 |   158 |    24 ||   317
Dodge: Dodged            |    68 |   163 |   392 |   508 |   988 |   143 ||  2262
Block: Buckler           |       |       |       |       |   345 |    50 ||   395

Table legend: (Time is in decaauts)
 A = Elapsed time spent in this place.
 B = Non-inter-level travel time spent in this place.
 C = Inter-level travel time spent in this place.
 D = Time resting spent in this place.
 E = Time spent auto-exploring this place.
 F = Levels seen in this place.
 G = Mean time per level.
                   A        B        C        D        E       F      G
               +--------+--------+--------+--------+--------+-----+--------+
         Total |  29994 |  28735 |   1259 |   6120 |  14173 |  22 | 1363.4 |
       Dungeon |  20747 |  19615 |   1132 |   3635 |  10702 |  15 | 1383.1 |
        Temple |    212 |    203 |      9 |      0 |     33 |   1 |  212.0 |
          Lair |   8278 |   8160 |    118 |   2362 |   3350 |   5 | 1655.6 |
        Bailey |    756 |    756 |      0 |    123 |     88 |   1 |  756.0 |
               +--------+--------+--------+--------+--------+-----+--------+

Top non-repeatable levels by time:
  Lair:5: 3552 daAuts
     D:3: 2235 daAuts
    D:14: 1692 daAuts
    D:15: 1681 daAuts
     D:7: 1674 daAuts
     D:8: 1558 daAuts
     D:4: 1493 daAuts
     D:9: 1472 daAuts
  Lair:2: 1368 daAuts
     D:2: 1325 daAuts
    D:13: 1284 daAuts
  Lair:3: 1267 daAuts
     D:1: 1221 daAuts
    D:10: 1220 daAuts
  Lair:1: 1171 daAuts
